Map: Submarine LE

Players

SpeCial

  • Race: Terran Terran
  • League: Master
  • Spawn Location: 5:00

INnoVation - Winner!

  • Race: Terran Terran
  • League: Grandmaster
  • Spawn Location: 11:00

Event: DreamHack SC2 Masters 2020 Winter

VOD

Have the link to the VOD?

Description

Time

  • Played on: Nov. 11, 2020, 9:13 a.m.
  • Length: 6:00

All games in this series

Show
View Real Time Build Order
Export as new Build Order

SpeCial Terran 

Build Orders: 1/1/1 

Get SALT Encoding   

  12  0:00  SCV  
  13  0:12  SCV  
  14  0:17  Supply Depot  
  14  0:24  SCV  
  15  0:28  Refinery  
  15  0:39  SCV  
  16  0:43  Barracks  
  16  0:51  SCV  
  16  0:56  Refinery  
  17  1:03  SCV  
  18  1:15  SCV  
  19  1:30  Reaper  
  19  1:31  Orbital Command  
  20  1:35  Factory  
  20  1:43  Supply Depot  
  20  1:56  SCV  
  21  2:02  Reaper  
  22  2:09  SCV  
  23  2:19  Starport, Hellion  
  23  2:21  SCV  
  26  2:34  Barracks Tech Lab, SCV  
  26  2:40  Widow Mine  
  28  2:47  SCV  
  28  2:51  Command Center  
  29  2:58  Supply Depot  
  29  3:07  Banshee  
  29  3:09  Barracks Reactor  
  29  3:11  Factory Tech Lab  
  31  3:20  SCV  
  32  3:31  Siege Tank  
  32  3:32  SCV  
  36  3:41  Supply Depot  
  36  3:44  SCV  
  36  3:45  Marine x2  
  39  3:50  Refinery  
  39  3:54  Raven  
  39  4:03  SCV, Marine x2  
  41  4:15  SCV  
  40  4:20  Siege Tank, Marine  
  40  4:21  Marine  
  43  4:27  SCV  
  44  4:34  Orbital Command  
  44  4:39  SCV  
  45  4:47  Viking x2  
  45  4:50  Marine  
  50  4:54  SCV  
  50  4:58  Siege Tank  
  54  5:01  SCV  
  54  5:06  SCV  
  53  5:08  Marine  
  53  5:13  SCV  
  55  5:15  Supply Depot  
  55  5:19  Viking  
  57  5:23  Viking  
  57  5:26  Marine, SCV  
  57  5:28  SCV  
  62  5:38  Supply Depot  
  62  5:40  SCV x2  
Show
View Real Time Build Order
Export as new Build Order

INnoVation Terran - Winner!

Build Orders: Cyclone Opening 

Get SALT Encoding   

  12  0:00  SCV  
  13  0:12  SCV  
  14  0:17  Supply Depot  
  14  0:24  SCV  
  15  0:38  SCV  
  15  0:39  Barracks  
  16  0:43  Refinery  
  16  0:50  SCV  
  16  0:52  Refinery  
  17  1:02  SCV  
  18  1:14  SCV  
  20  1:25  Reaper  
  20  1:26  Orbital Command  
  20  1:28  Supply Depot  
  20  1:41  Factory  
  20  1:52  SCV  
  21  1:57  Reaper  
  22  2:04  SCV  
  23  2:16  SCV  
  24  2:22  Command Center  
  24  2:28  SCV, Factory Tech Lab  
  25  2:33  Barracks Reactor  
  25  2:37  Supply Depot  
  25  2:41  SCV  
  26  2:46  Cyclone  
  29  2:53  SCV  
  30  3:03  Starport  
  30  3:06  SCV  
  31  3:14  Marine x2, Refinery  
  31  3:18  SCV  
  34  3:21  Cyclone  
  37  3:32  SCV, Marine  
  37  3:34  Marine  
  39  3:35  Orbital Command  
  40  3:43  Starport Tech Lab  
  40  3:44  SCV  
  41  3:53  Siege Tank  
  43  3:56  SCV  
  43  4:02  SCV  
  45  4:09  Marine x2  
  47  4:11  Raven, SCV  
  47  4:14  Supply Depot, SCV  
  50  4:23  SCV  
  48  4:26  SCV, Siege Tank  
  48  4:28  Marine  
  48  4:30  Marine  
  52  4:36  SCV  
  51  4:38  SCV  
  51  4:46  Marine  
  51  4:47  Marine  
  51  4:51  SCV, Supply Depot  
  51  4:52  SCV  
  55  4:55  Raven  
  57  5:03  SCV  
  57  5:04  SCV, Marine  
  57  5:05  Marine  
  61  5:08  Supply Depot  
  61  5:13  Siege Tank  
  64  5:15  Supply Depot  
  64  5:16  SCV  
  64  5:17  SCV  
  66  5:22  Marine  
  66  5:23  Marine  
  66  5:28  SCV  
  69  5:29  SCV  
  70  5:37  Supply Depot  
  70  5:40  SCV  
  70  5:41  SCV  
Tags
 
Add a new tag
Caveats
  • Supply blocks, unpowered buildings, or Contaminate may cause inaccurate times.
  • Supply counts are checked every 10 seconds.